Match 38789747
Unlisted

Match 38789747
End
Royal Engineer Section
Vickers Machine Gun Team
Selects Australian Defense Battlegroup
Selects Australian Light Infantry Section
Australian Light Infantry Section
Australian Light Infantry Section
Construct Section Command Post
Construct Platoon Command Post
Humber Armored Car
Selects Defensive Tactics
Selects Hold the Line!
Selects Defensive Tactics
6-pounder Anti-tank Gun Team
Royal Engineer Section
ChevyDad
Mr. AAAAAAYYYle
Jesus Is Lord
Tanith's Finest
0
0

Comments sign in to comment!

No comments posted yet!